 Dungeon Crawl Stone Soup version 0.31-a0-620-gd1cbd99268 (webtiles) character file.

Game seed: 17265478777404378122

5084 MacCMillion the Nimble (level 10, 47/47 HPs)
             Began as a Felid Shapeshifter on Aug 23, 2023.
             Quit the game on level 8 of the Dungeon.
             The game lasted 00:25:19 (9630 turns).

MacCMillion the Nimble (Felid Shapeshifter)         Turns: 9630, Time: 00:25:20

Health: 47/47      AC:  2    Str: 11    XL:     10   Next: 31%
Magic:  11/11      EV: 26    Int: 10    God:
Gold:   353        SH:  0    Dex: 21    Spells: 9/9 levels left
                                        Lives:  0   Deaths: 2

rFire   . .          .
                       - Unarmed
rCold   + . .        (shield unavailable)
rNeg    . . .        (body armour unavailable)
rPois   .            (helmet unavailable)
rElec   .            (cloak unavailable)
rCorr   +            (gloves unavailable)
SInv    +            (boots unavailable)
Will    +....        (no amulet)
Stlth   ++++         e - ring of resist corrosion
HPRegen 0.27/turn    A - ring of protection from cold
MPRegen 0.12/turn

%: no passive effects
@: beast-form, quick
A: beast (slay +3), very small, claws 1, fangs 3, see invisible, speed 1, shaggy
fur 2, stealthy paws, no weapons or thrown items, no armour, multi-lived
a: Begin Untransformation


You were on level 8 of the Dungeon.
You were a hulking beast.
You visited 2 branches of the dungeon, and saw 10 of its levels.
You also visited: Sewer.

You collected 353 gold pieces.

Inventory:

Jewellery
 e - a ring of resist corrosion (left paw)
 A - a ring of protection from cold (right paw)
 B - a +5 ring of evasion
Talismans
 b - a beast talisman (active)
 c - a flux talisman
 y - a serpent talisman
Wands
 n - a wand of acid (3)
 w - a wand of iceblast (12)
 x - a wand of paralysis (7)
Scrolls
 d - a scroll of fear {unknown}
 f - a scroll of enchant weapon {unknown}
 k - a scroll of amnesia {unknown}
 l - a scroll of teleportation
 m - a scroll of fog {unknown}
 p - a scroll of revelation {unknown}
 q - 3 scrolls of vulnerability {unknown}
 r - a scroll of immolation {unknown}
 s - a scroll of noise {unknown}
 t - a scroll of poison {unknown}
 v - 2 scrolls of identify
Potions
 a - 2 potions of lignification
 g - 2 potions of enlightenment {unknown}
 h - 5 potions of curing
 i - a potion of brilliance {unknown}
 j - a potion of attraction {unknown}
 o - 4 potions of haste
 u - 2 potions of degeneration {unknown}
 z - a potion of ambrosia {unknown}
 C - 2 potions of resistance {unknown}


   Skills:
 + Level 7.5 Fighting
 + Level 10.1 Dodging
 + Level 7.1 Stealth
 + Level 8.0 Unarmed Combat
 - Level 3.9 Evocations
 * Level 6.1 Shapeshifting


You had 9 spell levels left.
You didn't know any spells.
Your spell library contained the following spells:

 Spells                   Type           Power      Damage    Failure   Level
 Apportation              Tloc           0%         N/A       36%         1
 Static Discharge         Conj/Air       0%         2-2/arc   50%         2
 Stone Arrow              Conj/Erth      0%         3d7       75%         3
 Airstrike                Air            0%         2d(0-16)  98%         4
 Passage of Golubria      Tloc           0%         N/A       98%         4
 Summon Lightning Spire   Summ/Air       0%         N/A       98%         4
 Silence                  Hex/Air        0%         N/A       100%        5
 Lehudib's Crystal Spear  Conj/Erth      0%         10d2      100%        8
 Animate Armour           Summ/Erth      Unusable   N/A       N/A         4

Dungeon Overview and Level Annotations

Branches:
Dungeon (9/15)             Temple (1/1) D:5           Sewer (visited)
   Lair: D:8-11         Orc: D:9-12

Altars:
Ashenzari
Dithmenos
Nemelex Xobeh
Okawaru
Sif Muna
Uskayaw
Vehumet
Yredelemnul
Zin
The Shining One

Shops:
D:5 (

Annotations:
D:2 1 runed translucent door, Crazy Yiuf
D:6 !ogre maggie, Maggie
D:8 Jeremiah


Innate Abilities, Weirdness & Mutations

You are a hulking beast.
Your limbs bulge with bestial killing power. (Slay +3)
You have sharp claws.
You have razor-sharp teeth.
You have supernaturally acute eyesight. (SInv)
You cover ground quickly. (Speed+)
You are covered in thick fur. (AC +2)
Your paws help you pounce on unaware monsters.
You are incapable of wielding weapons or throwing items.
You cannot wear armour.
You gain extra lives every three experience levels.


Message History

The yak misses you.
There is a stone staircase leading up here.
The yak completely misses you. The wraith completely misses you.
You climb upwards.
Level annotation: Jeremiah
There is a stone staircase leading down here.
The yak gores you! The yak completely misses you. The yak misses you.
You scratch the wraith.
The wraith is lightly damaged.
The wraith completely misses you.
You claw the wraith! You claw the wraith, but do no damage.
The wraith is moderately damaged.
You scratch the wraith but do no damage.
The wraith is moderately damaged.
The wraith hits you!
You scratch the wraith.
The wraith is heavily damaged.
The wraith hits you!
* * * LOW HITPOINT WARNING * * *
The wraith drains your vigour!
You feel yourself slow down. The wraith attacks as it pursues you!
The wraith misses you. The wraith closely misses you.
The wraith attacks as it pursues you! The wraith misses you.
You scratch the wraith but do no damage.
The wraith is heavily damaged.
The wraith hits you.
* * * LOW HITPOINT WARNING * * *
You barely miss the wraith. You claw the wraith.
The wraith is heavily damaged.
The wraith closely misses you. The yak completely misses you.
The yak gores you!
You die...
Your shape twists and changes as you die.
The wraith hits you! The wraith drains your vigour!
You feel as though you will be slow longer.
You rejoin the land of the living...
Unknown command.
Are you sure you want to abandon this character and quit the game? (Confirm with "yes".)

##.....####o.# ####### ##.###
##o.## #### ##..## #########
...## ##..# #..#..... ....##
#...# #>....... ....)## ##..##
###...... #.....########...#
###..####.. ##..............h#
#...## ##.[ #..............[##
##..## ##... .......######...#
##..## #.... ......##
####[..#####..## ##....
#.....####........†W...# #...##
#........>.........Y...#
##..###
#......)...#####.......####...#
.........### ##........#...##
..####..## ##)..........#


There were no monsters in sight!

Vanquished Creatures
  Pikel (D:8)
  Joseph (D:8)
  A hornet (D:8)
  A yak (D:9)
  A steam dragon (D:7)
  4 water moccasins
  Menkaure (D:7)
  An orc warrior (D:7)
  4 black bears
  An ogre (D:7)
  5 ice beasts
  3 sky beasts
  A centaur (D:8)
  A kobold brigand (D:6)
  3 lemures (D:8)
  A phantom (D:6)
  A bullfrog (D:6)
  A scorpion (D:4)
  11 wights
  2 electric eels (D:8)
  3 howler monkeys
  3 jellies
  6 hounds
  2 orc priests (D:8)
  A gnoll bouda (D:7)
  4 iguanas
  9 orc wizards
  7 adders
  4 gnolls
  A white imp (D:7)
  An ufetubus (D:6)
  2 worms
  2 dart slugs
  17 orcs
  7 endoplasms
  2 giant cockroaches (D:2)
  7 goblins
  10 hobgoblins
  6 jackals
  3 kobolds (D:6)
  4 quokkas
  6 ball pythons
  A bat (D:3)
  A frilled lizard (D:2)
  5 rats
159 creatures vanquished.

Notes
Turn   | Place    | Note
-------+----------+-------------------------------------------
     0 | D:1      | MacCMillion the Felid Shapeshifter began the quest for the
                  | Orb.
     0 | D:1      | Reached XP level 1. HP: 9/9 MP: 2/2
    80 | D:1      | Reached skill level 1 in Stealth
   348 | D:1      | Reached XP level 2. HP: 12/12 MP: 3/3
  1144 | D:2      | Reached XP level 3. HP: 15/15 MP: 4/4
  1179 | D:2      | Found a faded altar of an unknown god.
  1192 | D:2      | Got Plato's Essays on Geometry
  1267 | D:2      | Found a runed translucent door.
  1268 | D:2      | Noticed Crazy Yiuf
  1634 | D:3      | Reached skill level 3 in Dodging
  1812 | D:3      | Found a glowing silver altar of Zin.
  1862 | D:3      | Found a glowing drain.
  1879 | Sewer    | Entered a sewer
  2058 | Sewer    | Noticed a water moccasin
  2064 | Sewer    | Killed a water moccasin
  2065 | Sewer    | Reached skill level 4 in Dodging
  2065 | Sewer    | Reached XP level 4. HP: 20/20 MP: 5/5
  2065 | Sewer    | Reached XP level 5. HP: 23/23 MP: 6/6
  2710 | D:4      | You fall into a shaft and drop 1 floor!
  2710 | D:5      | Entered Level 5 of the Dungeon
  2736 | D:5      | Found Iddyphuh's Weapon Boutique.
  2747 | D:4      | Noticed a black bear
  2748 | D:4      | Killed a black bear
  2749 | D:4      | Gained mutation: You are covered in thick fur. (AC +2)
                  | [Felid growth]
  2749 | D:4      | Reached XP level 6. HP: 28/28 MP: 7/7
  2752 | D:4      | Noticed a sky beast
  2784 | D:5      | Killed a sky beast
  2785 | D:5      | Reached skill level 5 in Dodging
  3128 | D:4      | Found a sparkling altar of Nemelex Xobeh.
  3255 | D:4      | Reached XP level 7. HP: 24/32 MP: 8/8
  3293 | D:4      | Reached skill level 5 in Unarmed Combat
  3326 | D:4      | Found a shadowy altar of Dithmenos.
  3337 | D:4      | Reached skill level 6 in Dodging
  3769 | D:5      | Found a staircase to the Ecumenical Temple.
  3783 | Temple   | Entered the Ecumenical Temple
  3879 | D:5      | Reached skill level 5 in Fighting
  3879 | D:5      | Reached skill level 7 in Dodging
  4166 | D:5      | Reached XP level 8. HP: 35/37 MP: 9/9
  4630 | D:6      | Reached skill level 8 in Dodging
  4867 | D:6      | Reached skill level 1 in Evocations
  5552 | D:6      | Noticed Maggie
  5827 | D:7      | Reached XP level 9. HP: 42/42 MP: 10/10
  6382 | D:7      | Reached skill level 9 in Dodging
  6382 | D:7      | Reached skill level 5 in Stealth
  6391 | D:7      | Noticed Menkaure
  6625 | D:7      | Killed Menkaure
  7461 | D:8      | Noticed Pikel
  7969 | D:8      | Killed Pikel
  7970 | D:8      | Reached skill level 5 in Shapeshifting
  8107 | D:8      | Reached XP level 10. HP: 47/47 MP: 11/11
  9327 | D:8      | Noticed Jeremiah
  9427 | D:8      | Reached skill level 10 in Dodging
  9466 | D:8      | Slain by a wight
  9467 | D:8      | Noticed Joseph
  9483 | D:8      | Killed Joseph
  9629 | D:8      | Mangled by a yak
  9630 | D:8      | Quit the game

Illustrated notes

Levels and vault maps discovered:
D:1:      lemuel_arrival_funnel, layout_loops_ring
D:2:      layout_rooms, shapermc_ecumenical_altar_rom_forum, minmay_liquid_box,
          palyth_stone_intersect, minivault_11, minivault_26,
          uniq_crazy_yiuf_cottage
D:3:      layout_basic, mainiacjoe_overflow_tiny_flanked,
          cheibrodos_sewer_entry_bend, kennysheep_boxes
D:4:      layout_loops_ring, nemelex_xobeh_ov_fountains_minmay,
          nicolae_dithmenos_the_darkroom, kennysheep_minor_cross
D:5:      layout_gridville, minmay_temple_entry_wispy, serial_shops, shop,
          cheibrodos_gnoll_hut
D:6:      layout_basic, uniq_maggie
D:7:      layout_basic, uniq_menkaure
D:8:      layout_layer_cave, serial_shops, nicolae_square_shop,
          minmay_curled_crystal, kennysheep_generic_room_6, uniq_joseph,
          uniq_jeremiah, uniq_pikel
D:9:      wander_kiku_kobolds, layout_loops_cross, lemuel_round_altar
Temple:   hellmonk_temple_two_chambers

Skill      XL: |  1  2  3  4  5  6  7  8  9 10 |
---------------+-------------------------------+-----
Stealth        | 2 4 6 7 |  7.1
Dodging        | 4 5 7 8 9 10 | 10.1
Fighting       | 2 3 4 5 6 7 |  7.5
Unarmed Combat | 4 5 6 7 8 |  8.0
Evocations     | 3 |  3.9
Shapeshifting  | 5 6 |  6.1

Action                     |  1- 3 |  4- 6 |  7- 9 | 10-12 || total
---------------------------+-------+-------+-------+-------++-------
  Melee: Unarmed           |    82 |    80 |   286 |    85 ||   533
         Bite              |     6 |     8 |    47 |    12 ||    73
         Punch             |     3 |     3 |    20 |     5 ||    31
  Evoke: Wand              |     2 |     2 |     1 |     1 ||     6
    Use: Scroll            |       |     4 |       |       ||     4
         Potion            |       |       |     1 |     1 ||     2
   Stab: Sleeping          |    11 |     9 |     9 |       ||    29
         Distracted        |       |       |     3 |     1 ||     4
         Paralysed         |       |       |     1 |     1 ||     2
 Armour: Skin              |     2 |     5 |    10 |    10 ||    27
  Dodge: Dodged            |    49 |    52 |   229 |    92 ||   422

Table legend: (Time is in decaauts)
 A = Elapsed time spent in this place.
 B = Non-inter-level travel time spent in this place.
 C = Inter-level travel time spent in this place.
 D = Time resting spent in this place.
 E = Time spent auto-exploring this place.
 F = Levels seen in this place.
 G = Mean time per level.
                   A        B        C        D        E       F      G
               +--------+--------+--------+--------+--------+-----+--------+
         Total |   8435 |   8157 |    278 |   2821 |   3037 |  11 |  766.8 |
       Dungeon |   8208 |   7930 |    278 |   2716 |   2993 |   9 |  912.0 |
        Temple |      6 |      6 |      0 |      0 |      0 |   1 |    6.0 |
         Sewer |    220 |    220 |      0 |    105 |     44 |   1 |  220.0 |
               +--------+--------+--------+--------+--------+-----+--------+

Top non-repeatable levels by time:
     D:8: 1668 daAuts
     D:7: 1604 daAuts
     D:6: 1243 daAuts
     D:5: 999 daAuts
     D:1: 799 daAuts
     D:4: 687 daAuts
     D:3: 649 daAuts
     D:2: 537 daAuts
   Sewer: 220 daAuts
     D:9: 18 daAuts
  Temple: 6 daAuts
